 Dungeon Crawl Stone Soup version bcrawl-1.37.2 (webtiles) character file.

Game seed: 10048931472385874943

149050 Mehrunes the Magician (level 5, -2/35 HPs)
             Began as a Mummy Fire Elementalist on Nov 12, 2022.
             Killed from afar by an orc wizard (5 damage)
             ... with a magic dart
             ... on level 4 of the Dungeon.
             The game lasted 00:04:28 (3151 turns).

Mehrunes the Magician (Mummy Fire Elementalist)     Turns: 3151, Time: 00:04:29

Health: -2/35      AC:  3    Str: 11    XL:     5   Next: 78%
Magic:  12/12      EV: 12    Int: 15    God:
Gold:   158        SH:  0    Dex: 13    Spells: 0/13 levels left

rFire    x . .     GDR:     25% h - -3 dagger
rCold    + . .     SeeInvis .   (no shield)
rNeg     + + +     Gourm    .   a - +0 robe
rPois    ∞         Faith    .   (no helmet)
rElec    .         Spirit   .   (no cloak)
rCorr    .         Reflect  .   l - +0 pair of gloves
MR       .....     Clarity  +   (no boots)
Stlth    ++........             (no amulet)
HPRegen  0.15/turn              (no ring)
MPRegen  0.13/turn              (no ring)

@: no status effects
A: no food or potions, fire vulnerability, clarity, cold resistance 1, negative
energy resistance 3, torment resistance, unbreathing, strong hexes 1
a: no special abilities


You were on level 4 of the Dungeon.
You were not hungry.

You visited 1 branch of the dungeon, and saw 4 of its levels.

You collected 158 gold pieces.

Inventory:

Hand Weapons
 g - a +0 short sword
 h - a -3 dagger (weapon)
Missiles
 d - 228 stones (quivered)
Armour
 a - a +0 robe (worn)
 l - a +0 pair of gloves (worn)
 n - a scarf of spirit shield
Jewellery
 e - a +2 ring of protection
 m - an uncursed ring of resist corrosion {unknown}
Wands
 c - a wand of flame (4)
Scrolls
 i - 8 scrolls of identify
 o - 2 scrolls of remove curse


   Skills:
 - Level 1.5 Dodging
 - Level 2.1 Stealth
 + Level 4.8 Spellcasting
 + Level 2.7 Conjurations
 + Level 3.7 Fire Magic


You couldn't memorise any spells.
You knew the following spells:

 Your Spells              Type           Power        Failure   Level  Hunger
a - Flame Tongue          Conj/Fire      ##...        4%          1    N/A
b - Conjure Flame         Conj/Fire      ##......     13%         3    N/A
c - Sticky Flame          Conj/Fire      ##......     41%         4    N/A
d - Fireball              Conj/Fire      ##........   77%         5    N/A

Your spell library contained the following spells:

 Spells                   Type           Power        Failure   Level  Hunger
 Flaming Arrows           Chrm/Fire      #.......     12%         2    N/A
 Inner Flame              Hex/Fire       N/A          24%         3    N/A

Dungeon Overview and Level Annotations

Branches:
Dungeon (4/12)
 Temple: D:4-7

Altars:

Annotations:
D:2 1 runed door


Innate Abilities, Weirdness & Mutations

You do not eat or drink.
Your flesh is vulnerable to fire.
You are immune to poison.
You possess an exceptional clarity of mind.
Your flesh is cold resistant. (rC+)
You are immune to negative energy. (rN+++)
You are immune to unholy pain and torment.
You can survive without breathing.
Your hexes are more powerful.


Message History

A puff of frost appears from out of thin air!
The puff of frost misses you.
You feel yourself speed up.
As you read the scroll labeled XOCVIO GALEPA, it crumbles to dust.
The scroll dissolves into smoke.
It was a scroll of fog.
As you read the scroll labeled TYCVEG OPONE, it crumbles to dust.
You feel aware of your surroundings.
You sensed 9 altars.
It was a scroll of magic mapping.
As you read the scroll labeled WYOMPU NIMU, it crumbles to dust.
It is a scroll of amnesia.
Really abort (and waste the scroll)? [Y]es or [N]o only, please.
Really abort (and waste the scroll)? [Y]es or [N]o only, please.
Really abort (and waste the scroll)?
Really abort (and waste the scroll)?
Okay, then.
A magic dart appears from out of thin air!
The magic dart hits you.
You die...

,,*
*,#....§§§##.....##.....##
***
**#....§§§##.....##.....##
#>..§§§§##.....##.....##
#....§§§###...........##
#....§..§.#[..........##
#######...#.............
#{..#........#####
#...#........#....
***#@..#........#....
#....(.+........#....
#......#.......##....
#.........#######....
******* #.........* #....
,,,,,,* #.........# #....
,,,,,,* #...##+#### #####
,,,,,,**** ####**,*,,*
,,,,,,,,,*********,*,*****


There were no monsters in sight!

Vanquished Creatures
  A phantom (D:3)
  2 worker ants (D:4)
  4 adders
  2 dart slugs
  A leopard gecko (D:2)
  An orc (D:3)
  3 giant cockroaches
  8 goblins
  8 hobgoblins
  7 jackals
  2 quokkas (D:3)
  4 bats (D:1)
  4 frilled lizards
  7 kobolds
  6 rats
60 creatures vanquished.

Notes
Turn   | Place    | Note
-------+----------+-------------------------------------------
     0 | D:1      | Mehrunes the Mummy Fire Elementalist began the quest for
                  | the Orb.
     0 | D:1      | Reached XP level 1. HP: 13/13 MP: 4/4
   172 | D:1      | Reached skill level 1 in Conjurations
   256 | D:1      | Reached skill level 3 in Spellcasting
   296 | D:1      | Reached XP level 2. HP: 19/19 MP: 1/6
  1085 | D:2      | Reached XP level 3. HP: 24/24 MP: 3/7
  1562 | D:2      | Found a runed door.
  1956 | D:3      | Learned a level 3 spell: Conjure Flame
  1979 | D:3      | Reached XP level 4. HP: 30/30 MP: 3/9
  2382 | D:3      | Noticed a phantom
  2502 | D:3      | Killed a phantom
  2503 | D:3      | Reached skill level 4 in Spellcasting
  2503 | D:3      | Reached XP level 5. HP: 35/35 MP: 2/11
  2916 | D:4      | Learned a level 4 spell: Sticky Flame
  2922 | D:4      | Learned a level 5 spell: Fireball
  3123 | D:4      | Noticed a phantom
  3138 | D:4      | HP: 1/35 [something/magic dart (9)]
  3151 | D:4      | Killed from afar by an orc wizard

Skill      XL: |  1  2  3  4 |
---------------+-------------+-----
Conjurations   | 1 2 |  2.7
Spellcasting   | 3 4 |  4.8
Fire Magic     | 3 |  3.7
Dodging        | |  1.5
Stealth        | |  2.1

Action                   |  1- 3 |  4- 6 || total
-------------------------+-------+-------++-------
Melee: Short sword       |     1 |       ||     1
       Unarmed           |     1 |       ||     1
       Dagger            |     8 |     4 ||    12
 Cast: Flame Tongue      |    89 |    52 ||   141
  Use: Scroll            |       |     6 ||     6
Armor: Robe              |     5 |    14 ||    19
Dodge: Dodged            |    38 |    33 ||    71
